 Dungeon Crawl Stone Soup version 0.28.0-43-g3370ac3207 (webtiles) character file.

Game seed: 3246307419793567369

30 croobank the Firebug (level 3, 0/39 HPs)
             Began as a Draconian Fire Elementalist on Mar 5, 2022.
             Slain by an adder (3 damage)
             ... on level 2 of the Dungeon.
             The game lasted 00:02:46 (1404 turns).

croobank the Firebug (Draconian Fire Elementalist)  Turns: 1404, Time: 00:02:48

Health: 0/39       AC: 21    Str: 10    XL:     3   Next: 3%
Magic:  1/6        EV:  2    Int: 17    God:
Gold:   71         SH:  0    Dex: 11    Spells: 3/6 levels left

rFire   . . .      SeeInvis .   d - +0 falchion
rCold   . . .      Faith    .   (no shield)
rNeg    . . .      Spirit   .   (armour unavailable)
rPois   +          Reflect  .   (helmet currently unavailable)
rElec   .          Harm     .   (cloak currently unavailable)
rCorr   .          Rampage  .   (gloves currently unavailable)
Will    .....      NoTele   +   (boots currently unavailable)
Stlth   ++........              (no amulet)
HPRegen 0.13/turn               (no ring)
MPRegen 0.10/turn               (no ring)

@: tree-form, very slightly contaminated
A: stationary, stasis, torment immunity, boosted hp, AC +5, unfitting armour,
(cold-blooded)
a: no special abilities


You were on level 2 of the Dungeon.
You were a tree.
You visited 1 branch of the dungeon, and saw 2 of its levels.

You collected 71 gold pieces.

Inventory:

Hand Weapons
 d - a +0 falchion (weapon)
Missiles
 b - 76 stones
 e - 21 arrows
Scrolls
 a - a scroll of identify
 f - a scroll of silence {unknown}
 g - a scroll of teleportation {unknown}
Potions
 h - a potion of flight


   Skills:
 + Level 2.1 Dodging
 + Level 2.1 Stealth
 + Level 2.3 Spellcasting
 + Level 1.5 Conjurations
 + Level 3.2 Fire Magic


You had 3 spell levels left.
You knew the following spells:

 Your Spells              Type           Power      Damage    Failure   Level
a - Foxfire               Conj/Fire      40%        2x1d6     7%          1
b - Scorch                Fire           26%        2d6       8%          2

Your spell library contained the following spells:

 Spells                   Type           Power      Damage    Failure   Level
 Conjure Flame            Conj/Fire      10%        6-21      22%         3
 Inner Flame              Hex/Fire       7%         N/A       28%         3
 Flame Wave               Conj/Fire      10%        2d5       56%         4


Dungeon Overview and Level Annotations

Branches:
Dungeon (2/15)

Altars:


Innate Abilities, Weirdness & Mutations

You are a tree.
Your roots penetrate the ground, keeping you stationary.
You cannot be teleported.
You are immune to unholy pain and torment.
Your maximum health is greatly increased.
Your equipment is partially melded.
((Your plain brown scales are hard. (AC +5)))
You cannot fit into any form of body armour.
((You are cold-blooded and may be slowed by cold attacks.))


Message History

An adder comes into view.
The goblin unwields a +2 dagger of venom.
It stops dripping with poison.
The goblin wields a +0 hunting sling.
The goblin shoots a stone.
The stone hits you.
The goblin shoots a stone.
The stone closely misses you.
The gnoll throws a boomerang.
The boomerang hits you.
* * * LOW HITPOINT WARNING * * *
The adder bites you.
* * * LOW HITPOINT WARNING * * *
You are poisoned.
The adder poisons you!
Really quaff the potion of lignification?
You turn into a tree.
Your roots penetrate the ground.
You feel sick. The adder bites you but does no damage.
You slash the adder! Your punch misses the adder.
The adder is severely wounded.
You feel sick.
The adder bites you but does no damage. x2
You miss the adder.
The adder is heavily wounded.
You feel sick.
You are no longer poisoned.
The gnoll hits you but does no damage. The adder bites you but does no damage.
The goblin shoots a stone.
The stone hits you.
* * * LOW HITPOINT WARNING * * *
The gnoll hits you but does no damage.
You completely miss the adder.
The adder is heavily wounded.
The adder bites you but does no damage.
A gnoll comes into view. It is wielding a +0 spear.
The adder bites you.
* * * LOW HITPOINT WARNING * * *
The gnoll hits you but does no damage.
Casting: Foxfire (safe; 7% risk of failure)
Confirm with . or Enter, or press ? or * to list all spells.
You miscast Foxfire.
You are very lightly contaminated with residual magic.
Nothing appears to happen.
The gnoll shouts!
The gnoll hits you but does no damage. The adder bites you.
You die...

########## ..#...... #
#.#.####' #.
########.#.#....
.###.[........#....
..#...............
#.#.........##....
.####+#.#g........##....
......S♣g.g..g..........
.....>..................
...........##.######....
#.#####.##.##.# ...... .
..##.##.# .......
#####.# ....... .#
^...... ......


You could see 3 gnolls, an adder and a goblin.

Vanquished Creatures
  An adder (D:2)
  A giant cockroach (D:1)
  4 goblins (D:1)
  A hobgoblin (D:1)
  4 kobolds (D:1)
  2 quokkas (D:1)
  A ball python (D:1)
  2 bats
  4 frilled lizards
  2 rats (D:1)
22 creatures vanquished.

Vanquished Creatures (others)
  27 foxfires
27 creatures vanquished.

Grand Total: 49 creatures vanquished

Notes
Turn   | Place    | Note
-------+----------+-------------------------------------------
     0 | D:1      | croobank the Draconian Fire Elementalist began the quest
                  | for the Orb.
     0 | D:1      | Reached XP level 1. HP: 14/14 MP: 3/3
   559 | D:1      | Reached XP level 2. HP: 20/20 MP: 3/5
   929 | D:1      | Learned a level 2 spell: Scorch
  1369 | D:2      | Reached XP level 3. HP: 26/26 MP: 2/6
  1404 | D:2      | Slain by an adder

Illustrated notes

Levels and vault maps discovered:
D:1:      dpeg_arrival_solitude, layout_basic
D:2:      layout_basic, basic_ecumenical_altar

Skill      XL: |  1  2 |
---------------+-------+-----
Stealth        | 2 |  2.1
Dodging        | 2 |  2.1
Spellcasting   | |  2.3
Conjurations   | |  1.5
Fire Magic     | |  3.2

Action                   || total
-------------------------++-------
Melee: Unarmed           ||    37
       Tailslap          ||     4
       Punch             ||     1
       Falchion          ||    10
 Cast: Foxfire           ||    17
       Scorch            ||     2
  Use: Scroll            ||     2
       Potion            ||     1
Armor: Skin              ||    27
Dodge: Dodged            ||    32
